cohdb
Replays
Latest Replays
All Replays
Popular Replays
Top Player Replays
Match Explorer
How It Works
Community
CoH3 Stats
Reddit
Sign in to upload your games and track your stats! →
Sign in with Steam
Match 43073344
Unlisted
Match 43073344
Overview
Messages
Build Orders
End
Scout Squad
Construct Barracks
Riflemen Squad
1⁄4-ton 4x4 Truck
Riflemen Squad
Grenade Package
Infantry Support Center
Demolitions Package
Construct Medical Station
Riflemen Squad
M1918 Browning Automatic Rifles
Construct Motor Pool
Construct Weapon Support Center
M3 Armored Personnel Carrier
Bazooka Squad
Selects Heavy Weapons
Selects Assault Carriers
Selects Exchangeable Parts
Selects M2HB .50cal Heavy Machine Gun
Engineer Squad
M3 Assault Carrier
M3 Assault Carrier
M1919 Machine Gun Team
Sahelanthropus
咚咚锵个腿
0
0
Comments
sign in to comment!
No comments posted yet!